General information
- name: BNet
- type: Ladder team game (AT/RT)
- host: Battle.net
- saver: The12GoldMiners
map: GolemsInTheMist
- players: 8
- length: 30:41
- speed: Fast
- version: 1.28 W3XP
- replay type: Public
» download(291 KB)
Players
team 1 (winner)

»
Paladin (
red | 55 APM | 1679 actions | 30:41)
6 Demon Hunter
3 Evasion
2 Immolation
1 Metamorphosis
» actions
| Assign group hotkey | 10 | |
| Basic commands | 87 | |
| Build / train | 91 | |
| Enter build submenu | 32 | |
| Enter hero's abilities submenu | 6 | |
| Give item / drop item | 1 | |
| Right click | 899 | |
| Select / deselect | 449 | |
| Select group hotkey | 5 | |
| Use ability | 97 | |
1679 total
» units
| Wisp | 26 | |
| Archer | 14 | |
| Druid of the Talon | 4 | |
| Hippogryph | 11 | |
55 total
» upgrades
| Strength of the Wild | 2 | |
| Reinforced Hides | 2 | |
| Hippogryph Taming | 1 | |
| Improved Bows | 1 | |
| Strength of the Moon | 2 | |
| Moon Armor | 1 | |
| Marksmanship | 1 | |
10 total
» buildings
| Altar of Elders | 3 | |
| Moon Well | 9 | |
| Ancient of Wonders | 2 | |
| Tree of Ages | 6 | |
| Hunter's Hall | 2 | |
| Tree of Eternity | 4 | |
| Ancient of Wind | 3 | |
| Tree of Life | 3 | |
| Ancient of War | 5 | |
37 total
» build order
00:07 Altar of Elders
00:20 Moon Well
01:37 Ancient of Wonders
01:43 Moon Well
02:39 Tree of Ages
02:39 Tree of Ages
02:47 Moon Well
03:27 Hunter's Hall
05:02 Tree of Eternity
05:02 Tree of Eternity
05:05 Ancient of Wind
06:51 Ancient of Wind
07:40 Ancient of Wind
08:32 Altar of Elders
08:35 Altar of Elders
08:37 Moon Well
09:20 Tree of Life
09:32 Moon Well
09:55 Tree of Life
09:59 Ancient of War
10:05 Ancient of War
10:19 Ancient of War
13:44 Tree of Ages
16:33 Tree of Life
21:20 Ancient of War
21:22 Moon Well
21:41 Moon Well
22:16 Ancient of War
22:18 Tree of Ages
22:18 Tree of Ages
22:21 Moon Well
22:46 Hunter's Hall
23:25 Moon Well
24:11 Ancient of Wonders
24:55 Tree of Eternity
24:55 Tree of Eternity
» items
| Potion of Healing | 2 | |
| Scroll of Town Portal | 2 | |
4 total
ZomBiE-Guts (
orange | 95 APM | 2913 actions | 30:41)
9 Blood Mage
3 Flame Strike
3 Siphon Mana
1 Summon Phoenix
2 Banish
» actions
| Assign group hotkey | 271 | |
| Basic commands | 34 | |
| Build / train | 112 | |
| ESC pressed | 1 | |
| Enter build submenu | 48 | |
| Enter hero's abilities submenu | 10 | |
| Give item / drop item | 1 | |
| Remove unit from queue | 11 | |
| Right click | 1332 | |
| Select / deselect | 838 | |
| Select group hotkey | 173 | |
| Use ability | 82 | |
2913 total
» units
| Peasant | 17 | |
| Goblin Shredder | 1 | |
| Siege Engine | 10 | |
| Gryphon Rider | 14 | |
| Rifleman | -1 | |
41 total
» upgrades
| Masonry | 3 | |
| Gunpowder | 3 | |
| Plating | 1 | |
| Storm Hammers | 1 | |
| Animal War Training | 1 | |
| Swords | 1 | |
| Armor | 1 | |
| Barrage | 1 | |
12 total
» buildings
| Altar of Kings | 1 | |
| Lumber Mill | 4 | |
| Farm | 13 | |
| Scout Tower | 9 | |
| Guard Tower | 14 | |
| Keep | 1 | |
| Town Hall | 3 | |
| Blacksmith | 2 | |
| Arcane Vault | 1 | |
| Castle | 1 | |
| Workshop | 4 | |
| Gryphon Aviary | 5 | |
| Barracks | 1 | |
59 total
» build order
00:07 Altar of Kings
00:20 Lumber Mill
00:34 Farm
00:35 Farm
01:28 Scout Tower
01:30 Scout Tower
02:05 Scout Tower
02:06 Scout Tower
02:38 Guard Tower
03:25 Lumber Mill
03:47 Keep
03:55 Town Hall
03:58 Lumber Mill
04:06 Guard Tower
04:11 Scout Tower
04:36 Blacksmith
05:05 Farm
05:10 Arcane Vault
05:14 Guard Tower
06:06 Scout Tower
06:07 Scout Tower
06:14 Castle
06:44 Blacksmith
06:52 Lumber Mill
06:55 Guard Tower
06:56 Guard Tower
06:59 Scout Tower
06:59 Scout Tower
07:09 Guard Tower
07:10 Guard Tower
07:17 Guard Tower
07:17 Guard Tower
07:34 Guard Tower
07:53 Workshop
07:58 Workshop
08:32 Workshop
08:35 Workshop
08:36 Farm
08:37 Farm
08:38 Farm
09:06 Farm
09:07 Farm
09:11 Farm
09:32 Farm
09:32 Farm
11:11 Farm
11:11 Farm
12:58 Gryphon Aviary
12:59 Gryphon Aviary
13:01 Gryphon Aviary
13:48 Barracks
15:12 Guard Tower
16:09 Gryphon Aviary
16:10 Gryphon Aviary
19:35 Guard Tower
19:44 Guard Tower
19:54 Guard Tower
22:55 Town Hall
27:17 Town Hall
» items
| Ivory Tower | 10 | |
| Scroll of Town Portal | 1 | |
| Scroll of Regeneration | 1 | |
12 total

»
MaNBeArPiG178 (
teal | 15 APM | 283 actions | 18:30)
2 Death Knight
1 Death Coil
1 Unholy Aura
» actions
| Basic commands | 2 | |
| Build / train | 20 | |
| Enter build submenu | 9 | |
| Enter hero's abilities submenu | 2 | |
| Right click | 89 | |
| Select / deselect | 140 | |
| Use ability | 21 | |
283 total
» units
| Acolyte | 2 | |
| Ghoul | 2 | |
| Crypt Fiend | 7 | |
11 total
» upgrades
» buildings
| Altar of Darkness | 1 | |
| Ziggurat | 4 | |
| Crypt | 2 | |
| Graveyard | 1 | |
| Halls of the Dead | 1 | |
| Black Citadel | 1 | |
| Sacrificial Pit | 1 | |
| Spirit Tower | 3 | |
14 total
» build order
00:12 Altar of Darkness
00:20 Ziggurat
00:53 Crypt
01:02 Graveyard
01:26 Crypt
01:49 Ziggurat
04:13 Ziggurat
04:17 Halls of the Dead
05:27 Ziggurat
07:30 Black Citadel
07:40 Sacrificial Pit
09:31 Spirit Tower
09:51 Spirit Tower
09:58 Spirit Tower
The12GoldMiners (
yellow | 71 APM | 2188 actions | 30:41)
8 Paladin
3 Holy Light
2 Divine Shield
1 Resurrection
2 Devotion Aura
» actions
| Assign group hotkey | 20 | |
| Basic commands | 54 | |
| Build / train | 111 | |
| Enter build submenu | 58 | |
| Enter hero's abilities submenu | 8 | |
| Remove unit from queue | 3 | |
| Right click | 774 | |
| Select / deselect | 523 | |
| Select group hotkey | 500 | |
| Use ability | 137 | |
2188 total
» units
| Peasant | 19 | |
| Goblin Shredder | 1 | |
| Mortar Team | 14 | |
| Flying Machine | 9 | |
43 total
» upgrades
| Masonry | 3 | |
| Gunpowder | 3 | |
| Armor | 3 | |
| Fragmentation Shards | 1 | |
| Flare | 1 | |
| Lumber Harvesting | 1 | |
| Flak Cannons | 1 | |
| Flying Machine Bombs | 1 | |
| Plating | 2 | |
16 total
» buildings
| Lumber Mill | 1 | |
| Scout Tower | 39 | |
| Arcane Tower | 1 | |
| Guard Tower | 19 | |
| Farm | 9 | |
| Altar of Kings | 1 | |
| Keep | 1 | |
| Arcane Vault | 1 | |
| Castle | 1 | |
| Town Hall | 2 | |
| Blacksmith | 2 | |
| Workshop | 3 | |
| Arcane Sanctum | 1 | |
81 total
» build order
00:44 Lumber Mill
01:37 Scout Tower
01:42 Scout Tower
01:45 Scout Tower
01:47 Scout Tower
01:50 Scout Tower
01:56 Scout Tower
01:58 Scout Tower
02:05 Scout Tower
02:06 Scout Tower
02:10 Arcane Tower
02:15 Guard Tower
02:21 Farm
02:25 Farm
02:40 Guard Tower
03:01 Guard Tower
03:48 Guard Tower
04:00 Guard Tower
04:03 Guard Tower
04:18 Altar of Kings
04:30 Keep
04:38 Guard Tower
04:44 Guard Tower
05:14 Arcane Vault
05:24 Farm
07:04 Castle
08:27 Scout Tower
08:28 Scout Tower
08:28 Scout Tower
08:28 Scout Tower
08:29 Scout Tower
08:29 Scout Tower
08:30 Scout Tower
08:38 Town Hall
08:40 Scout Tower
08:41 Scout Tower
08:46 Scout Tower
08:48 Scout Tower
08:49 Scout Tower
08:50 Scout Tower
08:57 Blacksmith
09:05 Blacksmith
09:08 Guard Tower
09:10 Scout Tower
09:11 Scout Tower
09:11 Scout Tower
09:11 Scout Tower
09:15 Guard Tower
09:15 Guard Tower
09:15 Guard Tower
09:42 Scout Tower
09:51 Guard Tower
10:15 Guard Tower
10:16 Scout Tower
10:20 Workshop
10:23 Workshop
10:31 Scout Tower
10:35 Scout Tower
10:37 Scout Tower
10:38 Scout Tower
10:43 Guard Tower
10:46 Farm
11:01 Guard Tower
11:18 Guard Tower
12:08 Guard Tower
12:26 Farm
12:29 Farm
13:23 Scout Tower
13:23 Scout Tower
13:26 Scout Tower
16:59 Guard Tower
17:00 Scout Tower
17:01 Scout Tower
17:01 Scout Tower
18:37 Farm
18:40 Farm
18:40 Farm
18:48 Scout Tower
18:50 Guard Tower
19:14 Arcane Sanctum
21:57 Workshop
23:33 Town Hall
23:53 Guard Tower
» items
| Scroll of Town Portal | 5 | |
| Staff of Sanctuary | 1 | |
| Scroll of Regeneration | 3 | |
| Potion of Healing | 5 | |
| Potion of Mana | 2 | |
| Orb of Fire | 1 | |
| Lesser Clarity Potion | 1 | |
18 total
team 2 (loser)

»
Love (
blue | 61 APM | 1877 actions | 30:40)
5 Death Knight
3 Death Coil
2 Unholy Aura
4 Lich
2 Frost Nova
2 Frost Armor
1 Shadow Hunter
1 Hex
» actions
| Assign group hotkey | 493 | |
| Basic commands | 139 | |
| Build / train | 58 | |
| Enter build submenu | 21 | |
| Enter hero's abilities submenu | 10 | |
| Give item / drop item | 5 | |
| Remove unit from queue | 4 | |
| Right click | 473 | |
| Select / deselect | 175 | |
| Select group hotkey | 427 | |
| Use ability | 72 | |
1877 total
» units
| Acolyte | 2 | |
| Ghoul | 4 | |
| Crypt Fiend | 5 | |
| Obsidian Statue | 2 | |
| Abomination | 4 | |
| Meatwagon | 4 | |
21 total
» upgrades
» buildings
| Crypt | 1 | |
| Ziggurat | 10 | |
| Altar of Darkness | 1 | |
| Graveyard | 1 | |
| Tomb of Relics | 1 | |
| Nerubian Tower | 2 | |
| Halls of the Dead | 3 | |
| Black Citadel | 1 | |
| Slaughterhouse | 2 | |
| Spirit Tower | 3 | |
25 total
» build order
00:09 Crypt
00:17 Ziggurat
00:37 Altar of Darkness
01:01 Graveyard
01:22 Ziggurat
01:29 Tomb of Relics
01:51 Nerubian Tower
03:37 Ziggurat
04:43 Halls of the Dead
04:43 Halls of the Dead
04:43 Halls of the Dead
05:27 Ziggurat
05:28 Ziggurat
05:32 Ziggurat
07:46 Black Citadel
08:01 Slaughterhouse
08:02 Slaughterhouse
09:12 Ziggurat
13:00 Ziggurat
14:51 Spirit Tower
18:01 Spirit Tower
18:44 Spirit Tower
18:47 Nerubian Tower
27:45 Ziggurat
28:18 Ziggurat
» items
| Rod of Necromancy | 1 | |
| Potion of Healing | 2 | |
| Scroll of Town Portal | 1 | |
| Orb of Corruption | 1 | |
| Scroll of Healing | 2 | |
7 total

»
fredpie (
purple | 49 APM | 1486 actions | 30:36)
5 Warden
3 Shadow Strike
2 Blink
3 Priestess of the Moon
2 Searing Arrows
1 Trueshot Aura
1 Blademaster
1 Wind Walk
» actions
| Assign group hotkey | 24 | |
| Basic commands | 113 | |
| Build / train | 86 | |
| Enter build submenu | 38 | |
| Enter hero's abilities submenu | 9 | |
| Give item / drop item | 4 | |
| Right click | 270 | |
| Select / deselect | 315 | |
| Select group hotkey | 559 | |
| Use ability | 68 | |
1486 total
» units
| Wisp | 28 | |
| Archer | 4 | |
| Huntress | 8 | |
| Mountain Giant | 1 | |
| Dryad | 6 | |
| Goblin Zeppelin | 1 | |
| Grunt | 3 | |
| Wind Rider | 8 | |
| Troll Headhunter/Berserker | 1 | |
| Hippogryph | 4 | |
64 total
» upgrades
| Reinforced Hides | 1 | |
| Strength of the Wild | 1 | |
| Druid of the Claw Training | 1 | |
| Abolish Magic | 1 | |
| Envenomed Spears | 1 | |
5 total
» buildings
| Moon Well | 12 | |
| Ancient of War | 1 | |
| Altar of Elders | 1 | |
| Hunter's Hall | 1 | |
| Ancient of Wonders | 1 | |
| Ancient Protector | 6 | |
| Tree of Ages | 3 | |
| Ancient of Lore | 2 | |
| Ancient of Wind | 1 | |
| Tree of Eternity | 2 | |
| Tree of Life | 3 | |
| Orc Burrow | 1 | |
| Watch Tower | 1 | |
| Great Hall | 1 | |
36 total
» build order
00:11 Moon Well
00:26 Ancient of War
00:41 Altar of Elders
02:12 Moon Well
02:31 Hunter's Hall
02:45 Ancient of Wonders
03:08 Moon Well
03:53 Ancient Protector
04:00 Ancient Protector
04:51 Tree of Ages
07:21 Moon Well
07:43 Moon Well
08:39 Ancient of Lore
09:02 Moon Well
09:10 Ancient of Wind
09:28 Tree of Eternity
09:55 Ancient of Lore
12:53 Tree of Life
13:50 Moon Well
15:50 Ancient Protector
16:07 Ancient Protector
16:15 Moon Well
16:54 Tree of Life
17:16 Moon Well
17:23 Tree of Ages
18:58 Moon Well
19:04 Moon Well
19:08 Moon Well
19:45 Tree of Life
22:46 Orc Burrow
23:20 Tree of Ages
24:57 Watch Tower
28:36 Great Hall
28:43 Ancient Protector
29:08 Tree of Eternity
29:11 Ancient Protector
» items

»
jakubzera (
green | 75 APM | 1610 actions | 21:22)
4 Blademaster
2 Wind Walk
2 Critical Strike
3 Shadow Hunter
2 Healing Wave
1 Hex
» actions
| Assign group hotkey | 21 | |
| Basic commands | 46 | |
| Build / train | 64 | |
| ESC pressed | 5 | |
| Enter build submenu | 22 | |
| Enter hero's abilities submenu | 8 | |
| Right click | 505 | |
| Select / deselect | 305 | |
| Select group hotkey | 494 | |
| Use ability | 140 | |
1610 total
» units
| Peon | 18 | |
| Grunt | 5 | |
| Raider | 9 | |
| Demolisher | 1 | |
33 total
» upgrades
| Berserker Strength | 1 | |
| Armor | 2 | |
| Melee Weapons | 3 | |
| Ensnare | 1 | |
| Pillage | 1 | |
| Reinforced Defenses | 1 | |
9 total
» buildings
| Altar of Storms | 1 | |
| Orc Burrow | 9 | |
| Barracks | 1 | |
| Voodoo Lounge | 1 | |
| Stronghold | 1 | |
| Great Hall | 1 | |
| Beastiary | 2 | |
| War Mill | 1 | |
| Fortress | 2 | |
| Watch Tower | 6 | |
25 total
» build order
00:07 Altar of Storms
00:20 Orc Burrow
00:50 Barracks
01:26 Orc Burrow
03:07 Voodoo Lounge
03:47 Stronghold
04:38 Great Hall
04:59 Orc Burrow
07:16 Beastiary
07:19 Beastiary
08:02 War Mill
08:23 Orc Burrow
09:54 Fortress
09:54 Fortress
09:56 Orc Burrow
09:57 Orc Burrow
16:35 Orc Burrow
16:35 Orc Burrow
16:36 Orc Burrow
16:50 Watch Tower
16:51 Watch Tower
16:52 Watch Tower
16:52 Watch Tower
17:45 Watch Tower
17:46 Watch Tower
» items
| Healing Salve | 3 | |
| Scroll of Speed | 1 | |
| Tiny Great Hall | 1 | |
| Lesser Clarity Potion | 1 | |
| Potion of Mana | 1 | |
7 total

»
boredomnow (
pink | 26 APM | 687 actions | 26:38)
3 Priestess of the Moon
1 Searing Arrows
2 Trueshot Aura
» actions
| Assign group hotkey | 5 | |
| Basic commands | 10 | |
| Build / train | 103 | |
| Enter build submenu | 41 | |
| Enter hero's abilities submenu | 3 | |
| Remove unit from queue | 1 | |
| Right click | 218 | |
| Select / deselect | 240 | |
| Select group hotkey | 25 | |
| Use ability | 41 | |
687 total
» units
| Wisp | 44 | |
| Archer | 10 | |
| Druid of the Talon | 9 | |
| Hippogryph | 14 | |
| Chimaera | 4 | |
| Troll Headhunter/Berserker | 8 | |
89 total
» upgrades
| Strength of the Moon | 1 | |
| Ultravision | 1 | |
| Moon Armor | 1 | |
| Strength of the Wild | 1 | |
| Reinforced Hides | 1 | |
| Nature's Blessing | 1 | |
| Corrosive Breath | 1 | |
7 total
» buildings
| Moon Well | 14 | |
| Altar of Elders | 1 | |
| Ancient of War | 1 | |
| Hunter's Hall | 1 | |
| Tree of Life | 6 | |
| Tree of Ages | 2 | |
| Ancient Protector | 9 | |
| Ancient of Wind | 3 | |
| Tree of Eternity | 1 | |
| Chimaera Roost | 4 | |
42 total
» build order
00:14 Moon Well
00:26 Altar of Elders
01:41 Ancient of War
02:19 Moon Well
03:07 Hunter's Hall
03:47 Moon Well
05:01 Moon Well
05:34 Tree of Life
07:34 Tree of Ages
08:37 Ancient Protector
09:15 Tree of Life
09:20 Ancient Protector
09:24 Ancient Protector
09:28 Ancient Protector
09:32 Ancient Protector
10:08 Ancient Protector
10:24 Ancient Protector
10:40 Ancient of Wind
10:45 Moon Well
11:05 Moon Well
11:39 Tree of Eternity
11:51 Ancient Protector
12:33 Ancient Protector
13:23 Ancient of Wind
13:30 Moon Well
13:34 Ancient of Wind
14:53 Chimaera Roost
14:57 Chimaera Roost
15:00 Chimaera Roost
15:08 Chimaera Roost
16:15 Tree of Life
16:29 Tree of Life
16:36 Moon Well
16:39 Moon Well
16:43 Moon Well
16:50 Moon Well
17:18 Tree of Life
17:35 Moon Well
17:46 Moon Well
17:50 Moon Well
21:26 Tree of Life
21:56 Tree of Ages
Chat log
(00:13 / Allies) Paladin: DH
(00:14 / Allies) Paladin: FTW
(00:16 / All) jakubzera: if my teammates do not meet average, being low, i will tk
(00:29 / All) jakubzera: sick of this shit
(00:38 / All) jakubzera: let me find a bitch over 800 resources
(00:39 / All) jakubzera: i swear to god
(00:44 / Allies) MaNBeArPiG178: fiends wyrms if goes that far
(00:51 / All) The12GoldMiners: Shut up noob
(00:55 / All) jakubzera: see you soon bitch
(00:56 / All) jakubzera: call me
(00:58 / All) jakubzera: 9109399564
(01:01 / All) jakubzera: 9109399565
(01:03 / All) The12GoldMiners: hoarding gold is the best strategy you fucking nub
(01:06 / All) jakubzera: whatcha gonna do faggot
(01:06 / All) fredpie: like your teammate had 2000 gold and 20 food last game...lol
(01:10 / All) jakubzera: ya bro
(01:10 / All) jakubzera: lost it
(01:12 / All) The12GoldMiners: I'll get you swatted
(01:14 / All) The12GoldMiners: Owned bro
(01:17 / All) jakubzera: ok <3
(01:22 / All) jakubzera: will be 3rd time
(01:30 / All) jakubzera: like i give a fuck
(07:49 / Allies) The12GoldMiners: I was gonna tp in with militia but nobody has anything
(08:12 / Allies) Paladin: better wait it out
(08:25 / Allies) MaNBeArPiG178: gold?
(08:42 / Allies) Paladin: gonna rebuild
(09:16 / Allies) The12GoldMiners: fuck
(20:58 / All) jakubzera: go
(21:01 / All) jakubzera: YOU BITCH
(21:02 / All) jakubzera: GO BLUE
(21:03 / All) jakubzera: FIGHT
(21:04 / All) jakubzera: PUSSY
(21:10 / All) jakubzera: YOU DIDNT WEB A DAMN GRIFF
(21:13 / All) jakubzera: FUCKIN NOB
(21:15 / All) jakubzera: FUCK YOU
(21:20 / All) jakubzera: LOOK AT UR SCORE BLUE
(21:21 / All) jakubzera: YOU SUCK
(21:58 / Allies) Paladin: wow
(21:59 / Allies) Paladin: we won
(22:00 / Allies) Paladin: lol
(22:06 / Allies) The12GoldMiners: not yet
(28:01 / Allies) Paladin: wood
(28:01 / Allies) Paladin: plz
(28:09 / Allies) Paladin: ty
(28:39 / Allies) The12GoldMiners: wait for me oj
(30:22 / Allies) The12GoldMiners: Im back